 Dungeon Crawl Stone Soup version 0.28.0-53-g5a82cb258f (webtiles) character file.

Game seed: 8999978555867952189

2353 safid the Severer (level 9, -4/71 HPs)
             Began as a Hill Orc Fighter on June 3, 2022.
             Was an Initiate of Beogh.
             Slain by Harold
             ... wielding a +0 short sword
              (13 damage)
             ... on level 7 of the Dungeon.
             The game lasted 00:09:25 (7747 turns).

safid the Severer (Hill Orc Fighter)                Turns: 7747, Time: 00:09:26

Health: -4/71      AC:  9    Str: 35    XL:     9   Next: 43%
Magic:  9/9        EV:  9    Int:  8    God:    Beogh [......]
Gold:   331        SH:  4    Dex: 10    Spells: 8/8 levels left

rFire   . . .      SeeInvis .   a - +0 war axe
rCold   . . .      Faith    .   c - +0 buckler
rNeg    . . .      Spirit   .   b - +0 scale mail
rPois   .          Reflect  .   (no helmet)
rElec   .          Harm     .   (no cloak)
rCorr   .          Rampage  .   v - +0 pair of gloves
Will    .....                   l - +0 pair of boots
Stlth   ..........              (no amulet)
HPRegen 0.21/turn               j - +6 ring of strength
MPRegen 0.11/turn               i - +6 ring of strength

@: marked
A: no striking features
a: Renounce Religion


You were on level 7 of the Dungeon.
You worshipped Beogh.
Beogh was noncommittal.
You visited 1 branch of the dungeon, and saw 9 of its levels.
You also visited: Sewer.

You collected 331 gold pieces.

Inventory:

Hand Weapons
 a - a +0 war axe (weapon)
Missiles
 m - a curare-tipped dart (quivered)
Armour
 b - a +0 scale mail (worn)
 c - a +0 buckler (worn)
 l - a +0 pair of boots (worn)
 v - a +0 pair of gloves (worn)
Jewellery
 i - a +6 ring of strength (right hand)
 j - a +6 ring of strength (left hand)
 w - a ring of protection from cold
Wands
 o - a wand of flame (12)
Scrolls
 e - a scroll of enchant weapon {unknown}
 g - a scroll of teleportation {unknown}
 h - 3 scrolls of amnesia
 q - a scroll of identify
 s - a scroll of blinking {unknown}
 u - a scroll of enchant armour {unknown}
 y - 2 scrolls of magic mapping {unknown}
Potions
 d - 2 potions of might
 f - 2 potions of brilliance {unknown}
 k - 2 potions of curing {unknown}
 n - a potion of flight {unknown}
 p - 2 potions of heal wounds
 r - 4 potions of haste
 t - a potion of magic
 x - a potion of degeneration {unknown}
 z - a potion of lignification {unknown}


   Skills:
 - Level 4.0 Fighting
 + Level 15.4 Axes
 - Level 4.0 Armour
 - Level 4.0 Shields


You had 8 spell levels left.
You didn't know any spells.
Your spell library contained the following spells:

 Spells                   Type           Power      Damage    Failure   Level
 Animate Skeleton         Necr           0%         N/A       71%         1
 Magic Dart               Conj           0%         1d3       71%         1
 Pain                     Necr           0%         1d4       71%         1
 Searing Ray              Conj           0%         2d4       85%         2
 Ignite Poison            Fire/Tmut/Pois 0%         N/A       97%         3
 Mephitic Cloud           Conj/Pois/Air  0%         N/A       97%         3
 Vampiric Draining        Necr           0%         2d6       97%         3
 Fulminant Prism          Conj/Hex       0%         3d6       100%        4
 Freezing Cloud           Conj/Ice/Air   0%         6-21      100%        5


Dungeon Overview and Level Annotations

Branches:
Dungeon (9/15)             Temple (0/1) D:6           Sewer (visited)
   Lair: D:8-11         Orc: D:9-12

Altars:
Ashenzari
Cheibriados
Elyvilon
Makhleb
Okawaru
Qazlal
Ru
Sif Muna
Yredelemnul
The Shining One

Annotations:
D:4 1 runed translucent door, normalcatpics's ghost, amateur GrFi
D:6 1 runed translucent door, Crazy Yiuf
D:7 Harold


Message History

Harold is lightly wounded.
Harold casts a spell at you. A sentinel's mark forms upon you.
You hit Harold but do no damage.
Harold is lightly wounded.
You slash Harold!
Harold is moderately wounded.
Harold hits you with a +0 short sword!
* * * LOW HITPOINT WARNING * * *
You see here a throwing net.
Harold throws a throwing net.
The throwing net hits you.
You become entangled in the net!
Things that are here:
a throwing net; a +4 long sword of freezing; a +0 robe You struggle against the net.
Unknown command.
You cannot throw anything while held in a net.
You cannot throw anything while held in a net.
Unknown command.
You struggle against the net.
Harold casts a spell at you. The mark upon you grows brighter.
You struggle against the net.
Harold is no longer moving slowly.
Unknown command.
You rip the net and break free!
Harold gestures at you while chanting. The mark upon you grows brighter.
Unknown command.
Harold throws a throwing net.
The throwing net hits you.
You become entangled in the net!
You see here a throwing net.
You struggle against the net.
Harold looks more healthy.
You cannot throw anything while held in a net.
You cannot throw anything while held in a net.
Unknown command.
You struggle against the net.
You shred the net and break free!
A howler monkey zombie comes into view.
Harold hits you with a +0 short sword!
You die...

#...... #......
..... .:.. >.#
..######.# ..
.......#.###...
#######......#
#<@@..#(.....#
#####Z#@..$..#
#.#####.#(.....#
#.......@......#
#..####.##.....#
...#......#
#.####..?...# ..
......# #.
.....#


You could see Harold and a howler monkey zombie.

Vanquished Creatures
  2 black bears (D:6)
  An orc warrior (D:6)
  2 sky beasts
  4 ogres
  2 necrophages
  2 centaurs
  A phantom (D:4)
  Blork the orc (D:6)
  A scorpion (D:4)
  A water moccasin skeleton (D:4)
  5 killer bees (D:7)
  4 wights (D:7)
  A howler monkey (D:5)
  A bullfrog zombie (D:5)
  2 jellies
  A hound (D:5)
  Jessica (D:2)
  An iguana (D:5)
  4 orc wizards
  A hound skeleton (D:4)
  A howler monkey skeleton (D:6)
  8 adders
  4 river rats (Sewer)
  A white imp (D:5)
  An ufetubus (D:7)
  An adder skeleton (D:4)
  2 worms
  4 dart slugs
  15 orcs
  11 ball pythons
  3 endoplasms
  4 giant cockroaches
  5 goblins
  2 hobgoblins
  4 jackals
  22 kobolds
  3 quokkas (D:1)
  9 bats
  3 frilled lizards
  27 rats
168 creatures vanquished.

Notes
Turn   | Place    | Note
-------+----------+-------------------------------------------
     0 | D:1      | safid the Hill Orc Fighter began the quest for the Orb.
     0 | D:1      | Reached XP level 1. HP: 19/19 MP: 1/1
   118 | D:1      | Reached XP level 2. HP: 26/27 MP: 2/2
   138 | D:1      | Reached skill level 3 in Axes
   655 | D:1      | Reached XP level 3. HP: 33/33 MP: 3/3
   902 | D:2      | Found a faded altar of an unknown god.
  1190 | D:2      | Reached XP level 4. HP: 37/40 MP: 4/4
  1466 | D:2      | Noticed Jessica
  1474 | D:2      | Killed Jessica
  1475 | D:2      | Reached skill level 4 in Axes
  2110 | D:3      | Found a glowing drain.
  2125 | Sewer    | Entered a sewer
  2220 | Sewer    | Reached skill level 5 in Axes
  2284 | Sewer    | Reached XP level 5. HP: 45/46 MP: 5/5
  2532 | Sewer    | Reached skill level 6 in Axes
  3620 | D:4      | Reached skill level 7 in Axes
  3620 | D:4      | Reached XP level 6. HP: 41/52 MP: 6/6
  3662 | D:4      | Reached skill level 8 in Axes
  3981 | D:4      | Found a runed translucent door.
  3981 | D:4      | Noticed normalcatpics's ghost (amateur GrFi)
  4151 | D:4      | Found a shimmering blue altar of Sif Muna.
  4156 | D:4      | Reached XP level 7. HP: 57/59 MP: 7/7
  4594 | D:5      | Entered Level 5 of the Dungeon
  4612 | D:5      | Reached skill level 9 in Axes
  5130 | D:5      | Reached skill level 10 in Axes
  5650 | D:5      | Reached skill level 11 in Axes
  5650 | D:5      | Reached XP level 8. HP: 64/66 MP: 8/8
  5978 | D:6      | Found a staircase to the Ecumenical Temple.
  5980 | D:6      | Noticed Blork the orc
  5994 | D:6      | Killed Blork the orc
  6003 | D:6      | Reached skill level 12 in Axes
  6208 | D:6      | Identified the +0 buckler "Lororued" {Int+4}
  6274 | D:6      | Found a broken altar of Ashenzari.
  6274 | D:6      | Found a snail-covered altar of Cheibriados.
  6274 | D:6      | Found a white marble altar of Elyvilon.
  6274 | D:6      | Found a stormy altar of Qazlal.
  6274 | D:6      | Found a basalt altar of Yredelemnul.
  6275 | D:6      | Found an iron altar of Okawaru.
  6275 | D:6      | Found a glowing golden altar of the Shining One.
  6378 | D:6      | Reached skill level 13 in Axes
  6600 | D:6      | Found a sacrificial altar of Ru.
  6620 | D:6      | Found a burning altar of Makhleb.
  6805 | D:6      | Found a runed translucent door.
  6806 | D:6      | Noticed Crazy Yiuf
  6878 | D:6      | You fall into a shaft and drop 3 floors!
  6885 | D:9      | Reached skill level 14 in Axes
  6885 | D:9      | Reached XP level 9. HP: 69/71 MP: 9/9
  6906 | D:8      | Became a worshipper of Beogh the Brigand
  7006 | D:7      | Reached skill level 15 in Axes
  7723 | D:7      | Noticed Harold
  7747 | D:7      | Slain by Harold

Illustrated notes

Levels and vault maps discovered:
D:1:      nzn_arrival_depleted_hourglass, layout_basic, minmay_strange_pillars,
          minmay_tetromino_i2
D:2:      layout_basic, hellmonk_ecumenical_altar_dog_temple, serial_glass,
          glass_columns_a, glass_columns_a, uniq_jessica
D:3:      layout_loops_ring, portal_sewer_entry_b
D:4:      layout_basic, mainiacjoe_overflow_catwalk, gammafunk_ghost_grave,
          serial_glass, glass_columns_b, glass_columns_a
D:5:      layout_basic
D:6:      layout_loops_ring, grunt_temple_overflow_open,
          nicolae_overflow_hidden_temple, minmay_temple_entry_large_hall,
          ebering_dispersal_statue_hall, uniq_blork_the_orc,
          uniq_crazy_yiuf_cottage
D:7:      layout_basic, lemuel_another_geyser, uniq_harold
D:8:      layout_rooms, lightli_corner_chamber
D:9:      layout_rooms, mainiacjoe_overflow_alcove_2, dk_rats_in_the_wall

Skill      XL: |  1  2  3  4  5  6  7  8  9 |
---------------+----------------------------+-----
Axes           | 3 5 7 8 11 14 15 | 15.4
Fighting       | 4 |  4.0
Armour         | 4 |  4.0
Shields        | 4 |  4.0

Action                   |  1- 3 |  4- 6 |  7- 9 || total
-------------------------+-------+-------+-------++-------
Melee: War axe           |    66 |   171 |   202 ||   439
Throw: Dart              |       |       |     5 ||     5
Invok: Convert to Beogh  |       |       |     1 ||     1
  Use: Scroll            |       |       |     2 ||     2
       Potion            |       |       |     3 ||     3
Armor: Scale mail        |    31 |    90 |    80 ||   201
Dodge: Dodged            |    28 |    87 |    59 ||   174
Block: Buckler           |    14 |    42 |    34 ||    90
